| TOP OF THE 1ST |
|
York Revolution batting - Pitching for Chester Pirates : RHP Mike Wilkinson
|
|
Pitching: RHP Mike Wilkinson
|
|
|
Batting: RHB Ivan Barrientos
|
0-0: Ball 1-0: Ball 2-0: Called Strike 2-1: Ball 3-1: Base on Balls
|
|
Batting: RHB Juan Valadez
|
0-0: Called Strike 0-1: Foul Ball, location: 2F 0-2: Ball 1-2: DOUBLE (Groundball, 5L, EV 101.2 MPH) Ivan Barrientos to third
|
|
Batting: RHB Jose Corral
|
0-0: Called Strike 0-1: Foul Ball, location: 2F 0-2: Ball 1-2: Strikes out swinging
|
|
Batting: LHB Eric Farren
|
0-0: 3-RUN HOME RUN (Line Drive, 9D, EV 105.0 MPH), Distance : 407 ft
|
|
Batting: RHB Eddie Serna
|
0-0: Called Strike 0-1: Ball 1-1: SINGLE (Line Drive, 3D, EV 100.0 MPH)
|
|
Batting: SHB Steve DeRienzo
|
0-0: Called Strike 0-1: Ball 1-1: Fly out, F8 (Flyball, 8LD, EV 100.6 MPH)
|
|
Batting: RHB Dave Gallegos
|
0-0: Ball 1-0: Foul Ball, location: 2F 1-1: Foul Ball, location: 2F 1-2: SINGLE (Groundball, 56D, EV 96.2 MPH) Eddie Serna to second
|
|
Batting: RHB Simon Mergeni
|
0-0: Called Strike 0-1: Ground out 4-3 (Groundball, 4, EV 104.4 MPH)
|
| Top of the 1st over - 3 runs, 4 hits, 0 errors, 2 left on base; York 3 - Chester 0 |
| BOTTOM OF THE 1ST |
|
Chester Pirates batting - Pitching for York Revolution : RHP Travis Hahn
|
|
Pitching: RHP Travis Hahn
|
|
|
Batting: LHB Chad Cutler
|
0-0: Ball 1-0: Foul Ball, location: 2F 1-1: Called Strike 1-2: Strikes out looking
|
|
Batting: RHB Dan Kurtz
|
0-0: Ball 1-0: Called Strike 1-1: SOLO HOME RUN (Flyball, 7D, EV 99.4 MPH), Distance : 398 ft
|
|
Batting: RHB Rusty Trader
|
0-0: Swinging Strike 0-1: Ball 1-1: Foul Ball, location: 2F 1-2: Ball 2-2: Foul Ball, location: 2F 2-2: SINGLE (Line Drive, 4MD, EV 104.4 MPH)
|
|
Batting: RHB Hector Barajas
|
0-0: Ball 1-0: Fly out, F8 (Line Drive, 8RD, EV 94.4 MPH)
|
|
Batting: RHB Ricky Alvarado
|
0-0: Called Strike 0-1: Called Strike 0-2: Ball 1-2: Strikes out looking
|
| Bottom of the 1st over - 1 run, 2 hits, 0 errors, 1 left on base; York 3 - Chester 1 |
| TOP OF THE 2ND |
|
York Revolution batting - Pitching for Chester Pirates : RHP Mike Wilkinson
|
|
Batting: RHB Alexis Graciani
|
0-0: Ball 1-0: Called Strike 1-1: Ball 2-1: Fly out, F9 (Flyball, 89M, EV 76.2 MPH)
|
|
Batting: RHB Ivan Barrientos
|
0-0: Ball 1-0: Fly out, F7 (Flyball, 78D, EV 88.1 MPH)
|
|
Batting: RHB Juan Valadez
|
0-0: Ball 1-0: Called Strike 1-1: Fly out, F9 (Flyball, 89D, EV 99.4 MPH)
|
| Top of the 2nd over - 0 runs, 0 hits, 0 errors, 0 left on base; York 3 - Chester 1 |
| BOTTOM OF THE 2ND |
|
Chester Pirates batting - Pitching for York Revolution : RHP Travis Hahn
|
|
Batting: LHB Kazuyoshi Ikeda
|
0-0: Called Strike 0-1: Swinging Strike 0-2: Ball 1-2: Fly out, F7 (Flyball, 7LS, EV 90.6 MPH)
|
|
Batting: RHB Rafael Galicia
|
0-0: Ball 1-0: Foul Ball, location: 2F 1-1: Ball 2-1: Foul Ball, location: 2F 2-2: Ball 3-2: Ground out 4-3 (Groundball, 4, EV 85.6 MPH)
|
|
Batting: LHB Damien Cohen
|
0-0: Swinging Strike 0-1: Foul Ball, location: 2F 0-2: Strikes out looking
|
| Bottom of the 2nd over - 0 runs, 0 hits, 0 errors, 0 left on base; York 3 - Chester 1 |
| TOP OF THE 3RD |
|
York Revolution batting - Pitching for Chester Pirates : RHP Mike Wilkinson
|
|
Batting: RHB Jose Corral
|
0-0: Ball 1-0: Ball 2-0: Ball 3-0: Called Strike 3-1: Base on Balls
|
|
Batting: LHB Eric Farren
|
0-0: Called Strike 0-1: Called Strike 0-2: Hit by Pitch Jose Corral to second
|
|
Batting: RHB Eddie Serna
|
0-0: Ball 1-0: Ball 2-0: SINGLE (Flyball, 9, EV 95.0 MPH) Jose Corral to third Eric Farren to second
|
|
Batting: SHB Steve DeRienzo
|
0-0: Fielders Choice at 2nd, 3-6 (Groundball, 3, EV 92.5 MPH) Jose Corral scores Eric Farren to third
|
|
Batting: RHB Dave Gallegos
|
0-0: Called Strike 0-1: Ball Steve DeRienzo steals 2nd base 1-1: SINGLE (Groundball, 56S, EV 71.9 MPH) (infield hit) Eric Farren scores Steve DeRienzo to third
|
|
Batting: RHB Simon Mergeni
|
0-0: Ball 1-0: Swinging Strike 1-1: Foul Ball, location: 2F 1-2: Ball 2-2: Foul Ball, location: 2F 2-2: Foul Ball, location: 2F 2-2: Fly out, F9 (Flyball, 9D, EV 95.0 MPH) Runner from 3rd tags up, SCORES, no throw by RF
|
|
Batting: RHB Alexis Graciani
|
0-0: DOUBLE (Flyball, 89D, EV 91.2 MPH) Dave Gallegos to third
|
|
Pitching: LHP Juan Hernandez
|
|
|
Batting: RHB Ivan Barrientos
|
0-0: Ball 1-0: Called Strike 1-1: Foul Ball, location: 2F 1-2: 3-RUN HOME RUN (Flyball, 7LD, EV 91.9 MPH), Distance : 344 ft
|
|
Batting: RHB Juan Valadez
|
0-0: Ball 1-0: Called Strike 1-1: Called Strike 1-2: Ball 2-2: Ball 3-2: Fly out, F7 (Line Drive, 7, EV 102.5 MPH)
|
| Top of the 3rd over - 6 runs, 4 hits, 0 errors, 0 left on base; York 9 - Chester 1 |
| BOTTOM OF THE 3RD |
|
Chester Pirates batting - Pitching for York Revolution : RHP Travis Hahn
|
|
Batting: RHB Matt Derrien
|
0-0: Called Strike 0-1: Ball 1-1: SOLO HOME RUN (Flyball, 7LD, EV 95.0 MPH), Distance : 342 ft
|
|
Batting: LHB Chad Cutler
|
0-0: Ball 1-0: Ground out 6-3 (Groundball, 6, EV 80.0 MPH)
|
|
Batting: RHB Dan Kurtz
|
0-0: Foul Ball, location: 2F 0-1: Called Strike 0-2: Foul Ball, location: 2F 0-2: Ball 1-2: Ball 2-2: Strikes out swinging
|
|
Batting: RHB Rusty Trader
|
0-0: Foul Ball, location: 2F 0-1: Called Strike 0-2: Ball 1-2: Ball 2-2: Ball 3-2: Ground out 6-3 (Groundball, 6S, EV 65.0 MPH)
|
| Bottom of the 3rd over - 1 run, 1 hit, 0 errors, 0 left on base; York 9 - Chester 2 |
| TOP OF THE 4TH |
|
York Revolution batting - Pitching for Chester Pirates : LHP Juan Hernandez
|
|
Batting: RHB Jose Corral
|
0-0: Ball 1-0: Ball 2-0: Fly out, F7 (Flyball, 7D, EV 105.6 MPH)
|
|
Batting: LHB Eric Farren
|
0-0: Called Strike 0-1: Swinging Strike 0-2: Ball 1-2: Ball 2-2: SINGLE (Line Drive, 8LS, EV 106.9 MPH)
|
|
Batting: RHB Eddie Serna
|
0-0: SINGLE (Groundball, 56D, EV 101.9 MPH) Eric Farren to second
|
|
Batting: SHB Steve DeRienzo
|
0-0: Foul Ball, location: 2F 0-1: Ball 1-1: Called Strike 1-2: Foul Ball, location: 2F 1-2: Foul Ball, location: 2F 1-2: Ball 2-2: Ball 3-2: Foul Ball, location: 2F 3-2: Foul Ball, location: 2F 3-2: Strikes out swinging
|
|
Batting: RHB Dave Gallegos
|
0-0: SINGLE (Flyball, 3D, EV 92.5 MPH) Eric Farren to third Eddie Serna to second Runner from 3rd tries for Home, SAFE, throw by RF to home
|
|
Batting: RHB Simon Mergeni
|
0-0: Ball 1-0: Foul Ball, location: 2F 1-1: Ball 2-1: Foul Ball, location: 2F 2-2: 3-RUN HOME RUN (Flyball, 78XD, EV 113.8 MPH), Distance : 425 ft
|
|
Pitching: LHP Angel Juarez
|
|
|
Batting: RHB Alexis Graciani
|
0-0: Called Strike 0-1: Called Strike 0-2: Strikes out swinging
|
| Top of the 4th over - 4 runs, 4 hits, 0 errors, 0 left on base; York 13 - Chester 2 |
| BOTTOM OF THE 4TH |
|
Chester Pirates batting - Pitching for York Revolution : RHP Travis Hahn
|
|
Batting: RHB Hector Barajas
|
0-0: Ball 1-0: Ball 2-0: Ball 3-0: Called Strike 3-1: Ground out 5-3 (Groundball, 56, EV 85.6 MPH)
|
|
Batting: RHB Ricky Alvarado
|
0-0: Called Strike 0-1: Fly out, F6 (Line Drive, 6MD, EV 67.5 MPH)
|
|
Batting: LHB Kazuyoshi Ikeda
|
0-0: Foul Ball, location: 2F 0-1: Swinging Strike 0-2: Strikes out swinging
|
| Bottom of the 4th over - 0 runs, 0 hits, 0 errors, 0 left on base; York 13 - Chester 2 |
| TOP OF THE 5TH |
|
York Revolution batting - Pitching for Chester Pirates : LHP Angel Juarez
|
|
Batting: RHB Ivan Barrientos
|
0-0: Called Strike 0-1: SINGLE (Groundball, 5S, EV 62.5 MPH) (infield hit)
|
|
Batting: RHB Juan Valadez
|
0-0: Ball 1-0: Called Strike 1-1: Fielders Choice at 2nd, 3-6 (Groundball, 34S, EV 81.9 MPH)
|
|
Batting: RHB Jose Corral
|
0-0: Ball 1-0: Foul Ball, location: 2F 1-1: Called Strike 1-2: Ball 2-2: Strikes out swinging
|
|
Batting: LHB Eric Farren
|
0-0: Ground out 4-3 (Groundball, 4M, EV 101.9 MPH)
|
| Top of the 5th over - 0 runs, 1 hit, 0 errors, 1 left on base; York 13 - Chester 2 |
| BOTTOM OF THE 5TH |
|
Chester Pirates batting - Pitching for York Revolution : RHP Travis Hahn
|
|
Batting: RHB Rafael Galicia
|
0-0: Ball 1-0: Foul Ball, location: 2F 1-1: SINGLE (Line Drive, 4D, EV 109.4 MPH)
|
|
Batting: LHB Damien Cohen
|
0-0: Foul Ball, location: 2F 0-1: Ball 1-1: Fly out, F5 (Popup, 5SF, EV 82.5 MPH)
|
|
Batting: RHB Matt Derrien
|
0-0: Ball 1-0: Fly out, F9 (Flyball, 89D, EV 86.2 MPH)
|
|
Batting: LHB Chad Cutler
|
0-0: Ball Rafael Galicia steals 2nd base 1-0: Fly out, F8 (Flyball, 8LM, EV 73.1 MPH)
|
| Bottom of the 5th over - 0 runs, 1 hit, 0 errors, 1 left on base; York 13 - Chester 2 |
| TOP OF THE 6TH |
|
York Revolution batting - Pitching for Chester Pirates : LHP Angel Juarez
|
|
Batting: RHB Eddie Serna
|
0-0: Ball 1-0: Called Strike 1-1: Ball 2-1: Foul Ball, location: 2F 2-2: Foul Ball, location: 2F 2-2: Ground out 6-3 (Groundball, 6, EV 102.5 MPH)
|
|
Pitching: RHP Bill Gomez
|
|
|
Batting: SHB Steve DeRienzo
|
0-0: Called Strike 0-1: SINGLE (Line Drive, 34, EV 94.4 MPH)
|
|
Batting: RHB Dave Gallegos
|
0-0: Ball 1-0: Called Strike 1-1: Called Strike 1-2: Strikes out swinging
|
|
Batting: RHB Simon Mergeni
|
0-0: Called Strike 0-1: Ball 1-1: Ball 2-1: Ball 3-1: Called Strike 3-2: Foul Ball, location: 2F 3-2: Base on Balls Steve DeRienzo to second
|
|
Batting: RHB Alexis Graciani
|
0-0: Ball 1-0: Ball 2-0: Swinging Strike 2-1: Ball 3-1: Foul Ball, location: 2F 3-2: Base on Balls Steve DeRienzo to third Simon Mergeni to second
|
|
Pitching: RHP Pete Griesser
|
|
|
Batting: RHB Ivan Barrientos
|
0-0: Called Strike 0-1: Ground out 6-3 (Groundball, 56, EV 101.2 MPH)
|
| Top of the 6th over - 0 runs, 1 hit, 0 errors, 3 left on base; York 13 - Chester 2 |
| BOTTOM OF THE 6TH |
|
Chester Pirates batting - Pitching for York Revolution : RHP Travis Hahn
|
|
Batting: RHB Dan Kurtz
|
0-0: Ball 1-0: Ball 2-0: Swinging Strike 2-1: Called Strike 2-2: Strikes out swinging, 2-3 out at first.
|
|
Batting: RHB Rusty Trader
|
0-0: Ball 1-0: Called Strike 1-1: Ball 2-1: Swinging Strike 2-2: Foul Ball, location: 2F 2-2: Ball 3-2: Strikes out looking
|
|
Batting: RHB Hector Barajas
|
0-0: Foul Ball, location: 2F 0-1: SOLO HOME RUN (Flyball, 78XD, EV 110.0 MPH), Distance : 443 ft
|
|
Batting: RHB Ricky Alvarado
|
0-0: Reached on error, E6 (Groundball, 6, EV 100.0 MPH)
|
|
Batting: LHB Kazuyoshi Ikeda
|
0-0: Called Strike 0-1: Ground out 4-3 (Groundball, 4, EV 87.5 MPH)
|
| Bottom of the 6th over - 1 run, 1 hit, 1 error, 1 left on base; York 13 - Chester 3 |
| TOP OF THE 7TH |
|
York Revolution batting - Pitching for Chester Pirates : RHP Pete Griesser
|
|
Batting: RHB Juan Valadez
|
0-0: Fly out, F7 (Flyball, 78M, EV 85.0 MPH)
|
|
Batting: RHB Joel Gomez
|
0-0: Called Strike 0-1: SINGLE (Flyball, 34D, EV 94.4 MPH)
|
|
Batting: LHB Eric Farren
|
0-0: Swinging Strike 0-1: Foul Ball, location: 2F 0-2: Ball 1-2: Ball 2-2: 2-RUN HOME RUN (Flyball, 9D, EV 98.8 MPH), Distance : 398 ft
|
|
Batting: RHB Eddie Serna
|
0-0: Called Strike 0-1: Fly out, F6 (Popup, 6, EV 79.4 MPH)
|
|
Batting: SHB Steve DeRienzo
|
0-0: Ball 1-0: Ball 2-0: Foul Ball, location: 2F 2-1: Swinging Strike 2-2: Ball 3-2: Base on Balls
|
|
Pitching: RHP Jon Solis
|
|
|
Pinch Hitting: RHB Victor Arias
|
0-0: Foul Ball, location: 2F 0-1: Ball 1-1: Foul Ball, location: 2F 1-2: Ball 2-2: Strikes out swinging
|
| Top of the 7th over - 2 runs, 2 hits, 0 errors, 1 left on base; York 15 - Chester 3 |
| BOTTOM OF THE 7TH |
|
Chester Pirates batting - Pitching for York Revolution : RHP Travis Hahn
|
|
Now at 3B: Victor Arias
|
|
|
Now at SS: Eddie Serna
|
|
|
Batting: RHB Rafael Galicia
|
0-0: Foul Ball, location: 2F 0-1: Ball 1-1: Called Strike 1-2: Ball 2-2: Strikes out swinging
|
|
Batting: LHB Damien Cohen
|
0-0: Ball 1-0: SOLO HOME RUN (Flyball, 89XD, EV 115.0 MPH), Distance : 466 ft
|
|
Batting: RHB Matt Derrien
|
0-0: Ball 1-0: Swinging Strike 1-1: Ball 2-1: SINGLE (Line Drive, 8LS, EV 105.6 MPH)
|
|
Batting: LHB Chad Cutler
|
0-0: Ball 1-0: Swinging Strike 1-1: Ball 2-1: Called Strike 2-2: DOUBLE (Groundball, 3L, EV 104.4 MPH) Matt Derrien to third
|
|
Batting: RHB Dan Kurtz
|
0-0: Called Strike 0-1: Ball 1-1: Ball 2-1: Swinging Strike 2-2: Strikes out swinging
|
|
Pitching: RHP Dale Turner
|
|
|
Batting: RHB Rusty Trader
|
0-0: Called Strike 0-1: Ball 1-1: Ball 2-1: SINGLE (Groundball, 15S, EV 76.9 MPH) (infield hit) Matt Derrien scores Chad Cutler to third
|
|
Batting: RHB Hector Barajas
|
0-0: Ball 1-0: Foul Ball, location: 2F 1-1: Called Strike 1-2: Foul Ball, location: 2F 1-2: Strikes out looking
|
| Bottom of the 7th over - 2 runs, 4 hits, 0 errors, 2 left on base; York 15 - Chester 5 |
| TOP OF THE 8TH |
|
York Revolution batting - Pitching for Chester Pirates : RHP Jon Solis
|
|
Batting: RHB Simon Mergeni
|
0-0: Ball 1-0: Called Strike 1-1: Swinging Strike 1-2: Ball 2-2: Ground out U3 (Groundball, 34S, EV 84.4 MPH)
|
|
Batting: RHB Alexis Graciani
|
0-0: Fly out, F7 (Flyball, 78S, EV 86.9 MPH)
|
|
Batting: RHB Ivan Barrientos
|
0-0: Called Strike 0-1: Ground out 6-3 (Groundball, 6, EV 83.8 MPH)
|
| Top of the 8th over - 0 runs, 0 hits, 0 errors, 0 left on base; York 15 - Chester 5 |
| BOTTOM OF THE 8TH |
|
Chester Pirates batting - Pitching for York Revolution : RHP Dale Turner
|
|
Batting: RHB Ricky Alvarado
|
0-0: Ball 1-0: SINGLE (Flyball, 7LS, EV 84.4 MPH)
|
|
Batting: LHB Kazuyoshi Ikeda
|
0-0: Ball 1-0: Called Strike 1-1: Ball 2-1: Foul Ball, location: 2F 2-2: Strikes out swinging
|
|
Batting: RHB Rafael Galicia
|
0-0: Swinging Strike 0-1: Swinging Strike 0-2: SINGLE (Groundball, 6, EV 98.8 MPH) Ricky Alvarado to second Runner from 2nd tries for 3rd, OUT! 8-5
|
|
Batting: LHB Damien Cohen
|
0-0: Called Strike 0-1: Ball 1-1: Ball 2-1: Foul Ball, location: 2F 2-2: Strikes out swinging
|
| Bottom of the 8th over - 0 runs, 2 hits, 0 errors, 1 left on base; York 15 - Chester 5 |
| TOP OF THE 9TH |
|
York Revolution batting - Pitching for Chester Pirates : RHP Jon Solis
|
|
Batting: RHB Juan Valadez
|
0-0: Ball 1-0: Ground out 4-3 (Groundball, 4, EV 86.2 MPH)
|
|
Batting: RHB Joel Gomez
|
0-0: Ball 1-0: Foul Ball, location: 2F 1-1: SINGLE (Groundball, 4MS, EV 69.4 MPH) (infield hit)
|
|
Pitching: RHP Sung-jae Choo
|
|
|
Batting: LHB Eric Farren
|
0-0: Ball 1-0: Ball 2-0: Ball 3-0: Base on Balls Joel Gomez to second
|
|
Batting: RHB Eddie Serna
|
0-0: Ball 1-0: Swinging Strike 1-1: Ball 2-1: Called Strike 2-2: Ball 3-2: Base on Balls Joel Gomez to third Eric Farren to second
|
|
Batting: SHB Steve DeRienzo
|
0-0: Fly out, F8 (Flyball, 8RD, EV 98.1 MPH) Runner from 3rd tags up, SCORES, throw by CF Eric Farren to third
|
|
Batting: RHB Victor Arias
|
0-0: Ball 1-0: Foul Ball, location: 2F 1-1: Ball 2-1: Fly out, F7 (Flyball, 7D, EV 99.4 MPH)
|
| Top of the 9th over - 1 run, 1 hit, 0 errors, 2 left on base; York 16 - Chester 5 |
| BOTTOM OF THE 9TH |
|
Chester Pirates batting - Pitching for York Revolution : RHP Dale Turner
|
|
Batting: RHB Matt Derrien
|
0-0: Foul Ball, location: 2F 0-1: Ball 1-1: Foul Ball, location: 2F 1-2: Ball 2-2: Strikes out swinging, 2-3 out at first.
|
|
Batting: LHB Chad Cutler
|
0-0: Called Strike 0-1: Called Strike 0-2: Strikes out looking
|
|
Batting: RHB Dan Kurtz
|
0-0: Ball 1-0: Called Strike 1-1: Swinging Strike 1-2: Strikes out swinging
|
| Bottom of the 9th over - 0 runs, 0 hits, 0 errors, 0 left on base; York 16 - Chester 5 |
|